Unix NetHack Version 5.0.0-0 post-release - last build May 31 2026 23:59:36 (970b52f25bf058293b47ddfd14a1e40e571c508c,branch:main).

Game began 2026-06-04 06:41:32, ended 2026-06-04 07:12:59.

FutureTim, lawful female human Valkyrie

               ---------------------------------
               |...............................|
               |..-----..-|-----.-----....----.|
     ##########|..|(((|..|..|..-.%...|.---|..|.-
   --.-----   #|..|.(.|..|..|..|.|._.|.|..|..|.|
   |..<...|   #|..|...|.--------[|...|.|..||--..
   |.......  ##-..--|--.|...-..%.|...|.|..|....|
   |......|   #|........|...|....|----.-|--..{.|
   --------    |.-----..-----.--+|..-....@f....|
               |.|%%.-........|  |..|..--|-....|
               |.|%%.|....---||  -----.|..|+--..
               |.-----.----...|      +.|..|  |.|
               |.......+  |...|      |.----  |.|
               |.......|  |...|      |.      |.|
               |.{.....-  -----      -.      -.|
               |..........            .       .|
               ------------          ---     ---

FutureTim the Fighter       St:16 Dx:14 Co:18 In:11 Wi:8 Ch:10  Lawful
Dlvl:6  $:72 HP:0(56) Pw:17(17) AC:1  Xp:6 T:2843 

Latest messages:
 You kill the acid blob!
 You see here a brilliant blue potion.
 You learn more about your items by comparing them.
 i - an uncursed brilliant blue potion (2 in total).
 This door is locked.
 This door is locked.
 This door is locked.
 This door is locked.
 This door is locked.
 This door is locked.
 You hit the jaguar!
 The jaguar misses!
 The jaguar hits!
 The jaguar bites!
 You miss the jaguar.
 The jaguar just misses!
 The jaguar hits!
 The jaguar misses!
 You hit the jaguar!
 The jaguar hits!
 The jaguar hits again!
 The jaguar misses!
 The jaguar hits!
 The jaguar hits again!
 The jaguar bites!
 You hit the jaguar.
 The jaguar misses!
 The jaguar hits!
 The jaguar misses!
 The jaguar hits!
 The jaguar hits again!
 The jaguar bites!
 Are you sure you want to pray? [yn] (n) y
 You begin praying to Tyr.
 You are surrounded by a shimmering light.
 The jaguar starts to attack you, but pulls back.
 The jaguar starts to attack you, but pulls back.
 The jaguar starts to attack you, but pulls back.
 The jaguar starts to attack you, but pulls back.
 You hear a distant explosion.
 You finish your prayer.
 You feel that Tyr is well-pleased.
 You miss the jaguar.
 The jaguar hits!
 The jaguar hits again!
 The jaguar bites!
 You miss the jaguar.
 The jaguar hits!
 You die...
 Do you want your possessions identified? [ynq] (y) q

Inventory:
 Coins    ('$')
  $ - 72 gold pieces
 Weapons  (')')
  r - 10 +0 arrows
  f - a +0 bow
  o - 2 cursed +0 darts
  b - a +0 dagger (alternate weapon; not wielded)
  v - a cursed -1 elven dagger
  D - a +1 spear
  w - a +0 scimitar (weapon in right hand)
 Armor    ('[')
  c - an uncursed +3 small shield (being worn)
  q - an uncursed +0 cloak of invisibility
  e - an uncursed +0 chain mail (being worn)
 Comestibles  ('%')
  d - 3 uncursed food rations
 Scrolls  ('?')
  l - 8 uncursed scrolls of blank paper
  z - an uncursed scroll of enchant armor
  j - a cursed scroll of identify
  A - an uncursed scroll of light
  u - an uncursed scroll of teleportation
 Spellbooks  ('+')
  m - an uncursed spellbook of wizard lock
 Potions  ('!')
  C - an uncursed potion of healing
  i - 2 uncursed potions of object detection
 Rings    ('=')
  h - an uncursed ring of cold resistance
 Wands    ('/')
  s - a wand of speed monster (0:4)
 Tools    ('(')
  B - an uncursed brass lantern
  x - an uncursed tallow candle
  t - an uncursed tin whistle
  p - an uncursed towel

FutureTim the Valkyrie's attributes:

Background:
 You were a Fighter, a level 6 human Valkyrie.
 You were lawful, on a mission for Tyr
 who was opposed by Odin (neutral) and Loki (chaotic).
 You were right-handed.
 You were in the Gnomish Mines, on level 6.
 You entered the dungeon 2843 turns ago.
 You had 509 experience points, 131 more were needed to attain level 7.

Basics:
 You had 0 out of 56 hit points.
 You had all 17 energy points (spell power).
 Your armor class was 1.
 Your wallet contained 72 zorkmids.
 Autopickup was off.

Final Characteristics:
 Your strength was 16 (limit:18/100).
 Your dexterity was 14 (limit:18).
 Your constitution was 18 (limit:18).
 Your intelligence was 11 (limit:18).
 Your wisdom was 8 (limit:18).
 Your charisma was 10 (limit:18).

Final Status:
 You weren't hungry.
 You were unencumbered.
 You were wielding a saber.
 You were unskilled in saber.

Final Attributes:
 You were piously aligned.
 You were cold resistant.
 You were poison resistant.
 You were telepathic.
 You were stealthy.
 You were warded.
 Your spell casting was impaired by metallic armor.
 You are dead.

Miscellaneous:
 You didn't encounter any bones levels.
 Total elapsed playing time was 31 minutes and 26 seconds.

Major events:
 Turn
    1: FutureTim the lawful human Valkyrie entered the dungeon
 1052: attained the rank of Skirmisher (level 3)
 1684: entered the Gnomish Mines
 2278: attained the rank of Fighter (level 6)
 2611: reached Mine Town
 2843: killed by a jaguar

Spells:
 Name                 Level Category     Fail Retention
 wizard lock            2   matter       100%  76%-100%

Skills:
 Fighting Skills
   bare handed combat [Unskilled]
   two weapon combat  [Unskilled]
   riding             [Unskilled]
 Weapon Skills
   dagger             [Basic]
   axe                [Unskilled]
   pick-axe           [Unskilled]
   short sword        [Unskilled]
   broadsword         [Unskilled]
   long sword         [Unskilled]
   two-handed sword   [Unskilled]
   saber              [Unskilled]
   hammer             [Unskilled]
   quarterstaff       [Unskilled]
   polearms           [Unskilled]
   spear              [Skilled]
   trident            [Unskilled]
   lance              [Unskilled]
   sling              [Unskilled]
 Spellcasting Skills
   attack spells      [Unskilled]
   escape spells      [Unskilled]

Voluntary challenges:
 Character rerolling was not enabled.
 You never genocided any monsters.
 You never polymorphed an object.
 You never changed form.
 You used no wishes.
Achievements:
 You entered a shop.
 You attained the rank of Skirmisher.
 You entered the Gnomish Mines.
 You attained the rank of Fighter.
 You entered Minetown.
 You entered a temple.

 The Dungeons of Doom: levels 1 to 5
    Level 1:
       A fountain.
    Level 2:
       An armor shop.
    Level 3:
       A scroll shop, an altar to Tyr.
       Stairs down to The Gnomish Mines.
    Level 4:
    Level 5:
 The Gnomish Mines: levels 4 to 6
    Level 4:
    Level 5:
    Level 6: <- You were here.
       A lighting shop, a temple and an altar, some fountains.
       Final resting place for
          you, killed by a jaguar.


Vanquished creatures:
  2 small mimics
  3 Mordor orcs
 an orc shaman
  2 shriekers
  4 gnome leaders
  3 gnomish wizards
  a gray ooze
  2 paper golems
  a floating eye
  2 dwarves
  4 hill orcs
  a rothe
  a giant bat
 an acid blob
  2 hobbits
  a giant rat
  a cave spider
  a yellow mold
 16 gnomes
  a gecko
  3 jackals
  2 foxes
  2 kobolds
  a goblin
  5 lichens
 10 newts
73 creatures vanquished.

No species were genocided or became extinct.

Game over:
                       ----------
                      /          \
                     /    REST    \
                    /      IN      \
                   /     PEACE      \
                  /                  \
                  |    FutureTim     |
                  |      72 Au       |
                  |   killed by a    |
                  |      jaguar      |
                  |                  |
                  |                  |
                  |       2026       |
                 *|     *  *  *      | *
        _________)/\\_//(\/(/\)/\//\/|_)_______

Farvel FutureTim the Valkyrie...

You died in The Gnomish Mines on dungeon level 6 with 2361 points,
and 72 pieces of gold, after 2843 moves.
You were level 6 with a maximum of 56 hit points when you died.

